 Dungeon Crawl Stone Soup version 0.24-a0-521-g122614bf49 (webtiles) character file.

37 Carillon the Insei (level 3, -1/29 HPs)
             Began as a Demonspawn Monk on May 26, 2017.
             Slain by a hobgoblin
             ... wielding a +0 club
             ... led by Robin
              (7 damage)
             ... on level 2 of the Dungeon on July 30, 2019.
             The game lasted 00:11:32 (1527 turns).

Carillon the Insei (Demonspawn Monk)                Turns: 1527, Time: 00:11:33

Health: -1/29      AC:  2    Str: 11    XL:     3   Next: 23%
Magic:  4/4        EV: 13    Int: 12    God:
Gold:   58         SH:  0    Dex: 15    Spells: 4/4 levels left

rFire    . . .     SeeInvis .     - Unarmed
rCold    . . .     Gourm    .   (no shield)
rNeg     . . .     Faith    .   a - +0 robe
rPois    .         Spirit   .   (helmet restricted)
rElec    .         Reflect  .   (no cloak)
rCorr    .         Harm     .   (no gloves)
MR       .....                  (no boots)
Stlth    ++........             (no amulet)
HPRegen  0.09/turn              (no ring)
MPRegen  0.09/turn              (no ring)

@: no status effects
A: antennae 2
a: no special abilities


You were on level 2 of the Dungeon.
You were near starving.

You visited 1 branch of the dungeon, and saw 2 of its levels.

You collected 58 gold pieces.

Inventory:

Hand Weapons
 e - a +2 dagger of venom
Armour
 a - a +0 robe (worn)
Scrolls
 d - a scroll of identify {unknown}
 f - a scroll of fog {unknown}
Potions
 g - a potion of curing {unknown}
Comestibles
 b - 2 rations
 c - a ration


   Skills:
 - Level 3.0 Fighting
 - Level 1.0 Armour
 - Level 2.6 Dodging
 - Level 1.7 Stealth
 + Level 3.5 Unarmed Combat
 - Level 1.0 Spellcasting


You had 4 spell levels left.
You didn't know any spells.
Your spell library was empty.

Dungeon Overview and Level Annotations

Branches:
Dungeon (2/15)

Altars:

Annotations:
D:2 Robin


Innate Abilities, Weirdness & Mutations

You have a pair of antennae on your head.


Message History

The leopard gecko closely misses you. The hobgoblin hits you with a +0 club.
You hit the hobgoblin.
You kill the hobgoblin!
The leopard gecko bites you.
A hobgoblin comes into view. It is wielding a +0 club.
The leopard gecko bites you.
You hit the goblin.
You kill the goblin!
The leopard gecko barely misses you.
You closely miss the hobgoblin. The hobgoblin completely misses you.
The leopard gecko bites you.
You hit the hobgoblin.
The hobgoblin is heavily wounded.
The hobgoblin hits you with a +0 club!
* * * LOW HITPOINT WARNING * * *
The leopard gecko barely misses you.
You hit the hobgoblin but do no damage.
The hobgoblin is heavily wounded.
The hobgoblin hits you with a +0 club!
You die...

#......# #......#
#......# #......#
#......# #....†.#
#...†..# #####
##?..†..###......
.........gg@l......
####......###......
....[..... .....
###.....g#. ....
######.#.# ### ..#
# ###


You could see Robin, a leopard gecko and a hobgoblin.

Vanquished Creatures
  A dart slug (D:1)
  2 leopard geckos (D:1)
  A giant cockroach (D:1)
  4 goblins
  5 hobgoblins
  5 kobolds (D:1)
  A ball python (D:2)
  3 bats (D:1)
  7 frilled lizards
  4 rats
33 creatures vanquished.

Notes
Turn   | Place    | Note
-------+----------+-------------------------------------------
     0 | D:1      | Carillon the Demonspawn Monk began the quest for the Orb.
     0 | D:1      | Reached XP level 1. HP: 18/18 MP: 1/1
   286 | D:1      | Reached skill level 1 in Armour
   286 | D:1      | Gained mutation: You have a pair of small antennae on your
                  | head. [demonic ancestry]
   286 | D:1      | Reached XP level 2. HP: 12/24 MP: 1/3
   510 | D:1      | Reached skill level 1 in Spellcasting
  1448 | D:1      | Gained mutation: You have a pair of antennae on your head.
                  | [demonic ancestry]
  1448 | D:1      | Reached XP level 3. HP: 29/29 MP: 4/4
  1480 | D:2      | Noticed an ogre
  1505 | D:2      | Noticed Robin
  1527 | D:2      | Slain by a hobgoblin

Levels and vault maps discovered:
D:1:      lemuel_arrival_lava_pool, roderic_lattice_a, minmay_lizard_king
D:2:      layout_basic, uniq_robin

Skill      XL: |  1  2 |
---------------+-------+-----
Armour         | 1 |  1.0
Spellcasting   | 1 |  1.0
Unarmed Combat | 3 |  3.5
Fighting       | |  3.0
Dodging        | |  2.6
Stealth        | |  1.7

Action                   || total
-------------------------++-------
Melee: Unarmed           ||   106
       Punch             ||     1
 Stab: Sleeping          ||     5
Armor: Robe              ||    13
Dodge: Dodged            ||    66

Table legend:
 A = Non-vault XP
 B = Vault XP
 C = Vault XP percentage of total XP
 D = Non-vault monster count
 E = Vault monster count
 F = Vault count percentage of total count
                 A         B        C        D         E       F
            +---------+---------+-------+---------+---------+-------
      Total |       3 |      10 |  76.9 |       3 |       5 |  62.5
            +---------+---------+-------+---------+---------+-------
        D:2 |       3 |      10 |  76.9 |       3 |       5 |  62.5
            +---------+---------+-------+---------+---------+-------
